 Dungeon Crawl Stone Soup version 0.31-a0-355-g57cb03d3e8 (webtiles) character file.

Game seed: 2322254585483488662

864 LeprechaunX the Ruffian (level 8, 0/54 HPs)
             Began as an Octopode Shapeshifter on July 24, 2023.
             Was an Initiate of Hepliaklqana.
             Killed from afar by Dowan (6 damage)
             ... with a puff of frost
             ... on level 5 of the Dungeon.
             The game lasted 00:05:55 (3511 turns).

LeprechaunX the Ruffian (Octopode Shapeshifter)     Turns: 3511, Time: 00:05:57

Health: 0/54       AC:  1    Str: 17    XL:     8   Next: 3%
Magic:  8/8        EV: 14    Int: 10    God:    Hepliaklqana [......]
Gold:   188        SH:  0    Dex: 12    Spells: 7/7 levels left

rFire   + .          .
                       - Unarmed
rCold   . . .        (no shield)
rNeg    . . .        (helmet currently unavailable)
rPois   .            e - amulet of the acrobat
rElec   .            a - ring of protection from fire
rCorr   +            i - ring of resist corrosion
SInv    .            (no ring)
Will    .....        (no ring)
Stlth   +            (no ring)
HPRegen 0.29/turn    (no ring)
MPRegen 0.11/turn    (no ring)
                     (no ring)

%: acrobat
@: lit by a corona, beast-form, glowing
A: beast (slay +3), almost no armour, amphibious, 8 rings, camouflage 1,
gelatinous body 1, (nimble swimmer 1), tentacles
a: Begin Untransformation, Renounce Religion


You were on level 5 of the Dungeon.
You worshipped Hepliaklqana.
Hepliaklqana was noncommittal.
You were a hulking beast.
You visited 2 branches of the dungeon, and saw 6 of its levels.

You collected 188 gold pieces.

Inventory:

Missiles
 p - 5 boomerangs (quivered)
Jewellery
 a - a ring of protection from fire (left tentacle)
 e - an amulet of the acrobat (around mantle)
 i - a ring of resist corrosion (right tentacle)
 j - an amulet of faith
 l - an amulet of magic regeneration
Talismans
 b - a beast talisman
Wands
 h - a wand of mindburst (9)
Scrolls
 k - a scroll of poison {unknown}
 m - 2 scrolls of blinking {unknown}
 n - a scroll of revelation {unknown}
 o - a scroll of identify {unknown}
 q - a scroll of fear {unknown}
Potions
 d - a potion of heal wounds {unknown}
 f - a potion of berserk rage {unknown}
 g - a potion of enlightenment {unknown}


   Skills:
 + Level 3.7 Fighting
 + Level 4.1 Dodging
 * Level 6.1 Unarmed Combat
 + Level 2.3 Evocations
 + Level 4.3 Shapeshifting


You had 7 spell levels left.
You didn't know any spells.
Your spell library contained the following spells:

 Spells                   Type           Power      Damage    Failure   Level
 Passwall                 Tmut/Erth      0%         N/A       50%         2
 Wereblood                Tmut           0%         N/A       50%         2
 Mephitic Cloud           Conj/Pois/Air  0%         N/A       75%         3
 Swiftness                Air            0%         N/A       75%         3


Dungeon Overview and Level Annotations

Branches:
Dungeon (5/15)             Temple (1/1) D:5

Altars:
Ashenzari
Cheibriados
Elyvilon
Fedhas
Hepliaklqana
Kikubaaqudgha
Makhleb
Nemelex Xobeh
Okawaru
Qazlal
Ru
Trog
Uskayaw
Vehumet
Xom
Yredelemnul
Zin
The Shining One

Annotations:
D:5 Dowan, Duvessa


Innate Abilities, Weirdness & Mutations

You are a hulking beast.
Your limbs bulge with bestial killing power. (Slay +3)
You cannot wear most types of armour.
You are amphibious.
You can wear up to eight rings at the same time.
Your skin changes colour to match your surroundings (Stealth+).
Your rubbery body absorbs attacks. (AC +1, EV +1)
((You are camouflaged when in or above water. (Stealth+)))
You have tentacles for arms and can constrict up to eight enemies at once.


Message History

Dowan gestures at you while chanting.
You are outlined in light.
Duvessa closely misses you.
You tentacle-slap Duvessa. Your grab misses Duvessa.
You squeeze Duvessa, but do no damage.
Duvessa is lightly wounded.
You bludgeon Duvessa! You grab Duvessa. You tentacle-slap Duvessa.
Duvessa is heavily wounded.
You constrict Duvessa, but do no damage.
Duvessa hits you with a +1 short sword of venom!
You are poisoned.
Dowan hits you with a +1 dagger of protection!
You tentacle-slap Duvessa.
Duvessa is heavily wounded.
You constrict Duvessa, but do no damage.
You feel very sick.
Duvessa hits you with a +1 short sword of venom!
You are lethally poisoned!
Dowan hits you with a +1 dagger of protection.
* * * LOW HITPOINT WARNING * * *
You tentacle-slap Dowan. You grab Dowan.
Dowan is lightly wounded.
You constrict Duvessa. You constrict Dowan, but do no damage.
* * * LOW HITPOINT WARNING * * *
You feel very sick. Duvessa barely misses you. Dowan misses you.
Okay, then.
It was a potion of curing.
You feel better.
You constrict Duvessa, but do no damage.
You constrict Dowan.
Duvessa hits you with a +1 short sword of venom!
* * * LOW HITPOINT WARNING * * *
Dowan completely misses you.
You completely miss Duvessa.
Your tentacle-slap misses Duvessa.
Duvessa is severely wounded.
You constrict Duvessa. You constrict Dowan.
Duvessa hits you with a +1 short sword of venom!
* * * LOW HITPOINT WARNING * * *
Dowan gestures at you while chanting. The puff of frost hits you.
You die...

#### ..†## ### ####
##).#######.. #..
..........+... #.#
###....####...#####+###.#
####...###............###+#####
###..##.........##..........
##..#...ee....##..........
##.#...†h....##..........
########.#.../.....##..........
.........#.........##..........
[######..############..........
######..# ###...#### #....#..#
#..### #.##.#..#### #.##
#.##.#.....## #.# #.##.#......#
##.#


You could see Duvessa and Dowan.

Vanquished Creatures
  Sigmund (D:2)
  A water moccasin (D:5)
  A black bear (D:5)
  An ogre (D:5)
  3 hounds
  An iron imp (D:3)
  An orc priest (D:4)
  2 sleepcaps (D:5)
  2 iguanas
  An orc wizard (D:4)
  5 adders
  An ufetubus (D:5)
  2 worms
  3 dart slugs
  10 orcs
  5 bats
  2 endoplasms
  3 giant cockroaches
  7 goblins
  6 hobgoblins
  4 jackals (D:2)
  4 kobolds
  5 quokkas
  8 ball pythons
  2 frilled lizards
  3 rats (D:1)
84 creatures vanquished.

Vanquished Creatures (others)
  A wizard (D:4)
1 creature vanquished.

Grand Total: 85 creatures vanquished

Notes
Turn   | Place    | Note
-------+----------+-------------------------------------------
     0 | D:1      | LeprechaunX the Octopode Shapeshifter began the quest for
                  | the Orb.
     0 | D:1      | Reached XP level 1. HP: 13/13 MP: 1/1
   215 | D:1      | Reached XP level 2. HP: 18/18 MP: 2/2
  1021 | D:2      | Reached XP level 3. HP: 23/23 MP: 3/3
  1069 | D:2      | Noticed Sigmund
  1188 | D:2      | Reached XP level 4. HP: 22/29 MP: 4/4
  1206 | D:2      | Killed Sigmund
  1207 | D:2      | Reached skill level 4 in Unarmed Combat
  1207 | D:2      | Reached XP level 5. HP: 35/35 MP: 5/5
  1207 | D:2      | Reached XP level 6. HP: 41/41 MP: 6/6
  1258 | D:2      | Found a faded altar of an unknown god.
  1523 | D:3      | Found a hide-covered altar of Uskayaw.
  1523 | D:3      | Found a radiant altar of Vehumet.
  1735 | D:3      | Found a burning altar of Makhleb.
  1843 | D:3      | Found a blossoming altar of Fedhas.
  1843 | D:3      | Found a broken altar of Ashenzari.
  2022 | D:3      | Found a snail-covered altar of Cheibriados.
  2033 | D:3      | Reached skill level 5 in Unarmed Combat
  2312 | D:4      | Reached skill level 1 in Evocations
  2517 | D:4      | Got the Compendium of Overhead Metamorphosis
  2627 | D:4      | Found a bloodstained altar of Trog.
  2628 | D:4      | Noticed a wizard
  2633 | D:4      | Killed a wizard
  2884 | D:4      | Found a sacrificial altar of Ru.
  2950 | D:5      | Entered Level 5 of the Dungeon
  2951 | D:5      | Found a staircase to the Ecumenical Temple.
  2994 | D:5      | Reached XP level 7. HP: 46/46 MP: 7/7
  3098 | Temple   | Entered the Ecumenical Temple
  3113 | Temple   | Became a worshipper of Hepliaklqana the Forgotten
  3329 | D:5      | Reached skill level 6 in Unarmed Combat
  3498 | D:5      | Noticed Dowan
  3499 | D:5      | Noticed Duvessa
  3505 | D:5      | Reached XP level 8. HP: 54/54 MP: 8/8
  3511 | D:5      | Killed from afar by Dowan

Illustrated notes

Levels and vault maps discovered:
D:1:      roderic_crossed_star, layout_loops_ring, serial_co_window_serial,
          co_window_paths_a, co_window_corner_a, co_window_paths_a,
          co_window_paths_b, co_window_paths_a, co_window_paths_a,
          co_window_unsneaky_path_d, co_window_cross_3, co_window_broadway_b,
          co_window_corner_b, co_window_paths_d, minmay_tetromino_o2
D:2:      layout_rooms, hellmonk_ecumenical_altar_heavens_door, uniq_sigmund
D:3:      layout_loops_ring, slow_altar_2, amethyst_overflow_temple_binary,
          lightli_temple_of_fire, gammafunk_temple_overflow_pools
D:4:      layout_rooms, trog_wizard, nicolae_ru_the_path_less_chosen
D:5:      layout_basic, minmay_temple_entry_grid, uniq_duvessa
Temple:   compressed_dpeg_circular_temple

Skill      XL: |  1  2  3  4  5  6  7 |
---------------+----------------------+-----
Fighting       | 2 3 |  3.7
Dodging        | 3 4 |  4.1
Unarmed Combat | 4 5 6 |  6.1
Evocations     | 1 2 |  2.3
Shapeshifting  | 4 |  4.3

Action                     |  1- 3 |  4- 6 |  7- 9 || total
---------------------------+-------+-------+-------++-------
  Melee: Unarmed           |    64 |    92 |    29 ||   185
         Constrict         |    16 |    25 |     8 ||    49
         Tentacles         |     7 |    18 |    11 ||    36
         Punch             |     1 |     4 |     2 ||     7
  Throw: Boomerang         |       |     4 |     1 ||     5
    Use: Potion            |       |     1 |     1 ||     2
   Stab: Sleeping          |     5 |     5 |     1 ||    11
 Armour: Skin              |     6 |     6 |       ||    12
  Dodge: Dodged            |    46 |    39 |    20 ||   105

Table legend: (Time is in decaauts)
 A = Elapsed time spent in this place.
 B = Non-inter-level travel time spent in this place.
 C = Inter-level travel time spent in this place.
 D = Time resting spent in this place.
 E = Time spent auto-exploring this place.
 F = Levels seen in this place.
 G = Mean time per level.
                   A        B        C        D        E       F      G
               +--------+--------+--------+--------+--------+-----+--------+
         Total |   3494 |   3332 |    162 |     79 |   2716 |   6 |  582.3 |
       Dungeon |   3464 |   3330 |    134 |     79 |   2716 |   5 |  692.8 |
        Temple |     30 |      2 |     28 |      0 |      0 |   1 |   30.0 |
               +--------+--------+--------+--------+--------+-----+--------+

Top non-repeatable levels by time:
     D:1: 962 daAuts
     D:3: 735 daAuts
     D:4: 729 daAuts
     D:5: 528 daAuts
     D:2: 507 daAuts
  Temple: 30 daAuts
